 Dungeon Crawl Stone Soup version 0.20.0-15-g7f486f2 (webtiles) character file.

2712 anfisbena the Spear-Bearer (level 9, -3/61 HPs)
             Began as a Merfolk Skald on June 16, 2017.
             Was a Follower of Ashenzari.
             Slain by a hornet (7 damage)
             ... while paralysed by a hornet
             ... on level 8 of the Dungeon.
             The game lasted 00:12:43 (8654 turns).

anfisbena the Spear-Bearer (Merfolk Skald)          Turns: 8654, Time: 00:12:43

Health: -3/61      AC: 21    Str: 12    XL:     9   Next: 66%
Magic:  18/21      EV:  2    Int: 15    God:    Ashenzari [*.....]
Gold:   313        SH:  0    Dex: 17    Spells: 1/12 levels left

rFire    . . .     SeeInvis .   q - +2 spear (pierce)
rCold    + . .     Gourm    .   (no shield)
rNeg     . . .     Faith    .   H - +8 scale mail "Pecval" {rC+ Dex+4}
rPois    .         Spirit   .   p - +0 helmet
rElec    .         Reflect  .   (no cloak)
rCorr    .         Harm     .   (no gloves)
MR       .....                  t - +0 pair of boots
Stlth    ..........             J - amulet of regeneration
Regen    0.6/turn               w - +4 ring of protection
MPRegen  0.2/turn               s - ring of magical power

@: paralysed, slowed
A: change form in water, swift swim, stealthy swim
a: Curse Item, Scrying, Renounce Religion


You were on level 8 of the Dungeon.
You worshipped Ashenzari.
Ashenzari was aware of your devotion.
You were hungry.

You visited 2 branches of the dungeon, and saw 9 of its levels.
You also visited: Sewer.

You collected 313 gold pieces.

Inventory:

Hand Weapons
 q - a +2 spear of piercing (weapon)
Armour
 p - a +0 helmet (worn)
 t - a +0 pair of boots (worn)
 H - the +8 scale mail "Pecval" (worn) {rC+ Dex+4}
   (You found it on level 5 of the Dungeon)

   It affects your dexterity (+4).
   It protects you from cold.
Jewellery
 s - a ring of magical power (right hand)
 w - a +4 ring of protection (left hand)
 J - an amulet of regeneration (around neck)
Scrolls
 a - 2 scrolls of magic mapping
 b - a scroll of amnesia {unknown}
 c - 4 scrolls of identify
 k - a scroll of enchant armour {unknown}
 l - a scroll of recharging {unknown}
 r - 2 scrolls of fear
 u - 5 scrolls of remove curse
 y - 3 scrolls of immolation
 B - 2 scrolls of teleportation
 K - a scroll of torment {unknown}
Potions
 e - a potion of berserk rage {unknown}
 f - a potion of invisibility {unknown}
 g - 4 potions of agility
 h - a potion of might {unknown}
 m - 2 potions of lignification
 n - a potion of curing
 v - 2 potions of heal wounds {unknown}
 x - 5 potions of haste
 z - 2 potions of flight {unknown}
 A - a potion of ambrosia {unknown}
 C - a potion of magic {unknown}
Comestibles
 d - 6 bread rations
 i - 7 meat rations
 j - 4 chunks of flesh
 F - 2 royal jellies


   Skills:
 - Level 2.1 Fighting
 + Level 10.3 Polearms
 * Level 3.9 Armour
 - Level 2.6 Dodging
 - Level 2.0 Spellcasting
 + Level 6.4 Hexes
 * Level 7.6 Charms
 - Level 2.0 Translocations


You had one spell level left.
You knew the following spells:

 Your Spells              Type           Power        Failure   Level  Hunger
a - Infusion              Chrm           ###.         4%          1    #......
b - Shroud of Golubria    Chrm/Tloc      ###.......   22%         2    ###....
c - Spectral Weapon       Hex/Chrm       ###.....     19%         3    ###....
d - Song of Slaying       Chrm           ###.....     7%          2    ###....
e - Regeneration          Chrm/Necr      ##........   56%         3    ###....


Dungeon Overview and Level Annotations

Branches:
Dungeon (8/15)             Temple (1/1) D:4
   Lair: D:8-11

Altars:
Ashenzari
Cheibriados
Dithmenos
Elyvilon
Fedhas
Hepliaklqana
Kikubaaqudgha
Makhleb
Nemelex Xobeh
Okawaru
Qazlal
Ru
Sif Muna
Trog
Uskayaw
Vehumet
Xom
Yredelemnul
The Shining One

Shops:
D:5 (   D:7 }


Message History

The hornet completely misses you. The hornet stings you!
* * * LOW HITPOINT WARNING * * *
You feel as though you will be slow longer.
You hit the hornet but do no damage.
The hornet is severely wounded.
Your spectral weapon barely misses the hornet.
The hornet stings you but does no damage.
Your scale mail "Pecval" prevents you from hitting the hornet.
The hornet is severely wounded.
Your spectral weapon hits the hornet from afar!
The hornet stings you but does no damage.
You hit the hornet but do no damage.
The hornet is almost dead.
Your spectral weapon hits the hornet but does no damage.
The hornet completely misses you. The hornet stings you!
* * * LOW HITPOINT WARNING * * *
You suddenly lose the ability to move!
The hornet stings you but does no damage.
The hornet stings you!
You die...

#.......#...#........
##.#####.#.#...#...#.#
.......#.#.#.........#
#...#.#..).......
##..#[##.......## ####
##....[.).#...###
#.#.#
#.#.#.###.##..###
#y#.##.#...# #........
#.#y@(.#..# #.....###
#.##..#..# #.###.#
####..#..###.# #.#
.........##.# #.#
#.##.#...##.# #.# #
#.##.#...##.# #.# #
#.##.#...##.###.###
#.##...............
#.##.#...#(########


You could see a hornet and a friendly spectral spear of piercing.

Vanquished Creatures
  2 hornets (D:8)
  A hippogriff (D:4)
  Purgy (Sewer)
  3 orc warriors
  A sky beast (D:5)
  3 ogres
  2 centaurs (D:5)
  A bullfrog (D:7)
  A water moccasin zombie (D:8)
  2 scorpions (D:5)
  2 howler monkeys
  A crimson imp (D:7)
  A centaur zombie (D:7)
  2 hounds
  A bullfrog skeleton (D:5)
  A jelly (D:8)
  A centaur skeleton (D:8)
  2 iguanas
  4 orc wizards
  6 worker ants
  Jessica (D:2)
  A hound skeleton (D:6)
  A worker ant zombie (D:5)
  Robin (D:2)
  4 gnolls
  A howler monkey skeleton (D:4)
  15 adders
  A shadow imp (D:5)
  An ooze (D:2)
  An adder skeleton (D:8)
  3 dart slugs
  10 leopard geckos
  25 orcs
  14 giant cockroaches
  2 gnoll zombies (D:3)
  14 goblins
  12 hobgoblins
  9 jackals
  4 quokkas
  3 bats
  5 frilled lizards
  17 kobolds
  4 rats
187 creatures vanquished.

Vanquished Creatures (others)
  7 spectral weapons
7 creatures vanquished.

Grand Total: 194 creatures vanquished

Notes
Turn   | Place    | Note
-------+----------+-------------------------------------------
     0 | D:1      | anfisbena the Merfolk Skald began the quest for the Orb.
     0 | D:1      | Reached XP level 1. HP: 16/16 MP: 3/3
   202 | D:1      | Reached XP level 2. HP: 19/22 MP: 3/5
   274 | D:1      | Learned a level 2 spell: Shroud of Golubria
   580 | D:1      | Reached skill level 1 in Translocations
   601 | D:1      | Reached XP level 3. HP: 25/27 MP: 6/6
  1481 | D:2      | Learned a level 3 spell: Spectral Weapon
  1498 | D:2      | Reached XP level 4. HP: 18/33 MP: 0/7
  1810 | D:2      | Reached skill level 1 in Hexes
  1885 | D:2      | Noticed Robin
  1886 | D:2      | Noticed Jessica
  2177 | D:2      | Killed Robin
  2492 | D:2      | Killed Jessica
  2492 | D:2      | Reached XP level 5. HP: 29/38 MP: 2/8
  2565 | D:2      | Reached skill level 4 in Polearms
  3673 | D:3      | Found a basalt altar of Yredelemnul.
  3698 | D:3      | Reached XP level 6. HP: 44/44 MP: 9/9
  3765 | D:3      | Reached skill level 5 in Polearms
  3926 | D:4      | Noticed a hippogriff
  4004 | D:4      | Found a deep blue altar of Sif Muna.
  4391 | D:4      | Killed a hippogriff
  4391 | D:4      | Reached skill level 6 in Polearms
  4391 | D:4      | Reached XP level 7. HP: 39/50 MP: 2/10
  4510 | D:4      | Found a staircase to the Ecumenical Temple.
  4603 | Temple   | Entered the Ecumenical Temple
  4626 | Temple   | Became a worshipper of Ashenzari the Shackled
  4836 | D:4      | Learned a level 2 spell: Song of Slaying
  5080 | D:5      | Entered Level 5 of the Dungeon
  5111 | D:5      | Found Qiwk's Antique Weapon Emporium.
  5121 | D:5      | Reached skill level 5 in Hexes
  5131 | D:5      | Reached skill level 7 in Polearms
  5183 | D:5      | Found a glowing drain.
  5189 | Sewer    | Entered a sewer
  5346 | Sewer    | Noticed Purgy
  5367 | Sewer    | Killed Purgy
  5367 | Sewer    | Reached skill level 5 in Charms
  5638 | D:5      | Reached skill level 8 in Polearms
  5638 | D:5      | Reached XP level 8. HP: 56/56 MP: 11/11
  5781 | D:5      | Found a bloodstained altar of Trog.
  5781 | D:5      | Found a hide-covered altar of Uskayaw.
  5875 | D:5      | Got the uncursed scale mail "Pecval" {rC+ Dex+4}
  5887 | D:5      | Identified the +8 scale mail "Pecval" {rC+ Dex+4} (You found it on level 5 of the Dungeon)
  6250 | D:5      | Found a sparkling altar of Nemelex Xobeh.
  6609 | D:6      | Reached skill level 9 in Polearms
  6609 | D:6      | Reached skill level 1 in Armour
  6934 | D:6      | Reached * piety under Ashenzari
  6960 | D:6      | Found a white marble altar of Elyvilon.
  7573 | D:7      | Found Tiroemi's Gadget Shoppe.
  7649 | D:7      | Reached XP level 9. HP: 61/61 MP: 12/12
  7654 | D:7      | Learned a level 3 spell: Regeneration
  8070 | D:8      | Found a stormy altar of Qazlal.
  8089 | D:8      | Reached skill level 10 in Polearms
  8604 | D:8      | Noticed a hornet
  8605 | D:8      | Noticed a hornet
  8607 | D:8      | Noticed a hornet
  8622 | D:8      | Killed a hornet
  8630 | D:8      | Paralysed by a hornet for 2 turns
  8639 | D:8      | Killed a hornet
  8644 | D:8      | Paralysed by a hornet for 3 turns
  8652 | D:8      | HP: 2/61 [hornet (9)]
  8652 | D:8      | Paralysed by a hornet for 3 turns
  8654 | D:8      | Slain by a hornet

Skill      XL: |  1  2  3  4  5  6  7  8  9 |
---------------+----------------------------+-----
Charms         | 4 5 6 7 |  7.6
Translocations | 1 2 |  2.0
Hexes          | 2 3 4 5 6 |  6.4
Polearms       | 4 6 8 9 10 | 10.3
Armour         | 2 3 |  3.9
Fighting       | |  2.1
Dodging        | |  2.6
Spellcasting   | |  2.0

Action                   |  1- 3 |  4- 6 |  7- 9 || total
-------------------------+-------+-------+-------++-------
Melee: Spear             |   111 |   223 |   479 ||   813
 Cast: Infusion          |     9 |    15 |    13 ||    37
       Spectral Weapon   |       |     1 |    15 ||    16
       Shroud of Golubri |       |     1 |     5 ||     6
  Use: Scroll            |       |       |    10 ||    10
       Potion            |       |       |     1 ||     1
 Stab: Sleeping          |       |       |     1 ||     1
       Distracted        |       |       |     1 ||     1
  Eat: Chunk             |     2 |    10 |    16 ||    28
Armor: Leather armour    |    27 |    54 |    43 ||   124
       Scale mail        |       |       |   111 ||   111
Dodge: Dodged            |    78 |   111 |   195 ||   384
